PIO (24 & UNDER)
SURREY SINNERS @ CHULA VISTA TACOS
05/30/2027
 
TOP OF THE 1ST
Surrey Sinners batting - Pitching for Chula Vista Tacos : LHP Doug Ledoux
Pitching: LHP Doug Ledoux
Batting: LHB Jorge Martínez 0-0: Ball
1-0: Fly out, F5 (Popup, 5L)
Batting: LHB Iván Espinosa 0-0: Fly out, F8 (Flyball, 78M)
Batting: LHB Randy Wiggins 0-0: Ball
1-0: Swinging Strike
1-1: Fly out, F7 (Flyball, 78D)
Top of the 1st over - 0 run(s), 0 hit(s), 0 error(s), 0 left on base; Surrey 0 - Chula Vista 0
BOTTOM OF THE 1ST
Chula Vista Tacos batting - Pitching for Surrey Sinners : LHP Dennis Morales
Pitching: LHP Dennis Morales
Batting: RHB Manny Torrez 0-0: Ball
1-0: Called Strike
1-1: Foul Ball, location: 2F
1-2: Strikes out swinging
Batting: RHB Gerald Davis 0-0: Ball
1-0: Foul Ball, location: 2F
1-1: Ball
2-1: Ground out 4-3 (Groundball, 4)
Batting: LHB Michael Myers 0-0: Foul Ball, location: 2F
0-1: Swinging Strike
0-2: Ball
1-2: Strikes out looking
Bottom of the 1st over - 0 run(s), 0 hit(s), 0 error(s), 0 left on base; Surrey 0 - Chula Vista 0
TOP OF THE 2ND
Surrey Sinners batting - Pitching for Chula Vista Tacos : LHP Doug Ledoux
Batting: LHB Juan Hinojosa 0-0: Swinging Strike
0-1: Ball
1-1: Swinging Strike
1-2: Strikes out swinging
Batting: LHB Tony Smith 0-0: Called Strike
0-1: Foul Ball, location: 2F
0-2: Ball
1-2: Ball
2-2: Fly out, F7 (Flyball, 7LS)
Batting: RHB Félix Castro 0-0: Ball
1-0: Ball
2-0: DOUBLE (Line Drive, 78D)
Batting: RHB Armando Bernard 0-0: Called Strike
0-1: Called Strike
0-2: Ball
1-2: Ball
2-2: Fly out, F7 (Flyball, 7LSF)
Top of the 2nd over - 0 run(s), 1 hit(s), 0 error(s), 1 left on base; Surrey 0 - Chula Vista 0
BOTTOM OF THE 2ND
Chula Vista Tacos batting - Pitching for Surrey Sinners : LHP Dennis Morales
Batting: RHB Javier González 0-0: Swinging Strike
0-1: Ball
1-1: Fly out, F9 (Line Drive, 89XD)
Batting: LHB Joe Baker 0-0: Ball
1-0: Called Strike
1-1: Ball
2-1: Ball
3-1: SINGLE (Line Drive, 34)
Batting: RHB Ray Rogers 0-0: Called Strike
0-1: Ball
1-1: Swinging Strike
1-2: Fly out, F8 (Flyball, 8LS)
Batting: LHB Steven Smith 0-0: Ball
1-0: Called Strike
1-1: Ball
2-1: Swinging Strike
2-2: SINGLE (Groundball, 34) (infield hit)
Joe Baker to second
Batting: LHB Roderick Delgado 0-0: Ball
1-0: Reached on error, E4 (Groundball, 4)
Joe Baker to third
Steven Smith to second
Batting: RHB José Oliveira 0-0: Foul Ball, location: 2F
0-1: Hit by Pitch
Joe Baker scores
Steven Smith to third
Roderick Delgado to second
Batting: RHB Manny Torrez 0-0: Ball
1-0: Ball
2-0: Foul Ball, location: 2F
2-1: Called Strike
2-2: Foul Ball, location: 2F
2-2: Foul Ball, location: 2F
2-2: Ball
3-2: Base on Balls
Steven Smith scores
Roderick Delgado to third
José Oliveira to second
Batting: RHB Gerald Davis 0-0: Called Strike
0-1: Fielders Choice at 2nd, 4-6 (Groundball, 4)
Bottom of the 2nd over - 2 run(s), 2 hit(s), 1 error(s), 2 left on base; Surrey 0 - Chula Vista 2
TOP OF THE 3RD
Surrey Sinners batting - Pitching for Chula Vista Tacos : LHP Doug Ledoux
Batting: RHB Robert Koremans 0-0: Called Strike
0-1: Foul Ball, location: 2F
0-2: DOUBLE (Flyball, 8LD)
Batting: LHB Robert Atkins 0-0: Called Strike
0-1: Called Strike
0-2: Ball
1-2: Ball
2-2: Foul Ball, location: 2F
2-2: Strikes out swinging
Batting: LHB Jorge Martínez 0-0: Foul Ball, location: 2F
0-1: Ball
1-1: Foul Ball, location: 2F
1-2: Fly out, F8 (Flyball, 8RM)
Batting: LHB Iván Espinosa 0-0: Called Strike
0-1: Foul Ball, location: 2F
0-2: Fly out, F4 (Line Drive, 4M)
Top of the 3rd over - 0 run(s), 1 hit(s), 0 error(s), 1 left on base; Surrey 0 - Chula Vista 2
BOTTOM OF THE 3RD
Chula Vista Tacos batting - Pitching for Surrey Sinners : LHP Dennis Morales
Batting: LHB Michael Myers 0-0: Ball
1-0: Fly out, F8 (Flyball, 8LM)
Batting: RHB Javier González 0-0: Called Strike
0-1: Swinging Strike
0-2: Ball
1-2: Ball
2-2: Strikes out swinging
Batting: LHB Joe Baker 0-0: Ball
1-0: DOUBLE (Line Drive, 78D)
Batting: RHB Ray Rogers 0-0: Ball
1-0: Swinging Strike
1-1: SINGLE (Flyball, 89S)
Joe Baker to third
Runner from 3rd tries for Home, SAFE, no throw
Batting: LHB Steven Smith 0-0: Ball
1-0: Foul Ball, location: 2F
1-1: SINGLE (Groundball, 4D)
Ray Rogers to second
Runner from 2nd tries for 3rd, SAFE, throw made to third
Batting: LHB Roderick Delgado 0-0: Fly out, F9 (Flyball, 9)
Bottom of the 3rd over - 1 run(s), 3 hit(s), 0 error(s), 2 left on base; Surrey 0 - Chula Vista 3
TOP OF THE 4TH
Surrey Sinners batting - Pitching for Chula Vista Tacos : LHP Doug Ledoux
Batting: LHB Randy Wiggins 0-0: Fly out, F7 (Flyball, 7LMF)
Batting: LHB Juan Hinojosa 0-0: Ball
1-0: Ball
2-0: Called Strike
2-1: Ball
3-1: Fly out, F8 (Flyball, 8LM)
Batting: LHB Tony Smith 0-0: Ground out 4-3 (Groundball, 4)
Top of the 4th over - 0 run(s), 0 hit(s), 0 error(s), 0 left on base; Surrey 0 - Chula Vista 3
BOTTOM OF THE 4TH
Chula Vista Tacos batting - Pitching for Surrey Sinners : LHP Dennis Morales
Batting: RHB José Oliveira 0-0: Foul Ball, location: 2F
0-1: Ball
1-1: Ball
2-1: Ball
3-1: Base on Balls
Batting: RHB Manny Torrez 0-0: Ball
1-0: Fly out, F8 (Flyball, 8LM)
Batting: RHB Gerald Davis 0-0: Ball
1-0: Fly out, F8 (Line Drive, 89M)
Batting: LHB Michael Myers 0-0: Ball
1-0: Ball
2-0: Ground out U3 (Groundball, 3L)
Bottom of the 4th over - 0 run(s), 0 hit(s), 0 error(s), 1 left on base; Surrey 0 - Chula Vista 3
TOP OF THE 5TH
Surrey Sinners batting - Pitching for Chula Vista Tacos : LHP Doug Ledoux
Batting: RHB Félix Castro 0-0: Ball
1-0: Called Strike
1-1: Ball
2-1: Ground out 3-1 (Groundball, 34S)
Batting: RHB Armando Bernard 0-0: Called Strike
0-1: Ground out 6-3 (Groundball, 6)
Batting: RHB Robert Koremans 0-0: Fly out, F9 (Flyball, 9LSF)
Top of the 5th over - 0 run(s), 0 hit(s), 0 error(s), 0 left on base; Surrey 0 - Chula Vista 3
BOTTOM OF THE 5TH
Chula Vista Tacos batting - Pitching for Surrey Sinners : LHP Dennis Morales
Batting: RHB Javier González 0-0: Foul Ball, location: 2F
0-1: Called Strike
0-2: DOUBLE (Line Drive, 7LD)
Batting: LHB Joe Baker 0-0: Called Strike
0-1: Called Strike
0-2: Ball
1-2: Strikes out looking
Batting: RHB Ray Rogers 0-0: Intentional Walk
Batting: LHB Steven Smith 0-0: Ball
1-0: Ball
Javier González steals 3rd base
Ray Rogers to second
2-0: Intentional Walk
Pitching: RHP Ernest Ware
Batting: LHB Roderick Delgado 0-0: Ball
1-0: Fielders Choice at 2nd, 3-6 (Groundball, 34)
Javier González scores
Ray Rogers to third
Batting: RHB José Oliveira 0-0: Foul Ball, location: 2F
0-1: Ball
1-1: Ball
2-1: Ball
3-1: Base on Balls
Roderick Delgado to second
Batting: RHB Manny Torrez 0-0: Ball
1-0: Ball
2-0: Called Strike
2-1: Called Strike
2-2: Strikes out swinging
Bottom of the 5th over - 1 run(s), 1 hit(s), 0 error(s), 3 left on base; Surrey 0 - Chula Vista 4
TOP OF THE 6TH
Surrey Sinners batting - Pitching for Chula Vista Tacos : LHP Doug Ledoux
Batting: LHB Robert Atkins 0-0: Ball
1-0: Called Strike
1-1: Called Strike
1-2: Strikes out swinging
Batting: LHB Jorge Martínez 0-0: Called Strike
0-1: Ball
1-1: Foul Ball, location: 2F
1-2: Fly out, F9 (Flyball, 9S)
Batting: LHB Iván Espinosa 0-0: Ball
1-0: Called Strike
1-1: Called Strike
1-2: Strikes out looking
Top of the 6th over - 0 run(s), 0 hit(s), 0 error(s), 0 left on base; Surrey 0 - Chula Vista 4
BOTTOM OF THE 6TH
Chula Vista Tacos batting - Pitching for Surrey Sinners : RHP Ernest Ware
Batting: RHB Gerald Davis 0-0: Fly out, F9 (Flyball, 89S)
Batting: LHB Michael Myers 0-0: Ball
1-0: Ball
2-0: DOUBLE (Line Drive, 9LM)
Batting: RHB Javier González 0-0: Intentional Walk
Batting: LHB Joe Baker 0-0: Ball
1-0: Ball
2-0: Ball
3-0: Called Strike
3-1: Swinging Strike
3-2: Foul Ball, location: 2F
3-2: Base on Balls
Michael Myers to third
Javier González to second
Batting: RHB Ray Rogers 0-0: Foul Ball, location: 2F
0-1: Ball
1-1: Ball
2-1: Ball
3-1: SINGLE (Groundball, 34D)
Michael Myers scores
Javier González to third
Joe Baker to second
Runner from 3rd tries for Home, SAFE, no throw
Batting: LHB Steven Smith 0-0: Called Strike
0-1: Called Strike
0-2: Foul Ball, location: 2F
0-2: Ball
1-2: Foul Ball, location: 2F
1-2: Strikes out swinging
Batting: LHB Roderick Delgado 0-0: Called Strike
0-1: Ground out 3-1 (Groundball, 34)
Bottom of the 6th over - 2 run(s), 2 hit(s), 0 error(s), 2 left on base; Surrey 0 - Chula Vista 6
TOP OF THE 7TH
Surrey Sinners batting - Pitching for Chula Vista Tacos : LHP Doug Ledoux
Batting: LHB Randy Wiggins 0-0: Ball
1-0: Called Strike
1-1: Foul Ball, location: 2F
1-2: Foul Ball, location: 2F
1-2: Ball
2-2: Strikes out swinging
Batting: LHB Juan Hinojosa 0-0: Ball
1-0: Ball
2-0: Called Strike
2-1: Ball
3-1: SINGLE (Groundball, 6D)
Batting: LHB Tony Smith 0-0: Foul Ball, location: 2F
0-1: Called Strike
0-2: Ball
1-2: Ball
2-2: Foul Ball, location: 2F
2-2: Strikes out swinging
Batting: RHB Félix Castro 0-0: Ball
1-0: Called Strike
1-1: Ball
Throwing error on steal attempt, E2
Juan Hinojosa to third
2-1: Foul Ball, location: 2F
2-2: 2-RUN HOME RUN (Flyball, 9D), Distance : 411 ft
Batting: RHB Armando Bernard 0-0: Ball
1-0: Called Strike
1-1: Ball
2-1: Called Strike
2-2: Ball
3-2: Foul Ball, location: 2F
3-2: Fly out, F8 (Line Drive, 8LM)
Top of the 7th over - 2 run(s), 2 hit(s), 1 error(s), 0 left on base; Surrey 2 - Chula Vista 6
BOTTOM OF THE 7TH
Chula Vista Tacos batting - Pitching for Surrey Sinners : RHP Ernest Ware
Pitching: RHP Juan Figueroa
Batting: RHB José Oliveira 0-0: Called Strike
0-1: Swinging Strike
0-2: Ball
1-2: Strikes out looking
Batting: RHB Manny Torrez 0-0: Ball
1-0: Ball
2-0: Ball
3-0: Called Strike
3-1: Base on Balls
Batting: RHB Gerald Davis 0-0: Ball
1-0: Ball
2-0: Ball
3-0: Called Strike
3-1: Foul Ball, location: 2F
3-2: SINGLE (Line Drive, 9S)
Manny Torrez to second
Batting: LHB Michael Myers 0-0: Called Strike
Manny Torrez is caught stealing 3rd base
Gerald Davis to second
0-1: Called Strike
0-2: Foul Ball, location: 2F
0-2: Fly out, F8 (Flyball, 8LM)
Bottom of the 7th over - 0 run(s), 1 hit(s), 0 error(s), 1 left on base; Surrey 2 - Chula Vista 6
TOP OF THE 8TH
Surrey Sinners batting - Pitching for Chula Vista Tacos : LHP Doug Ledoux
Pitching: RHP Carlos Flores
Batting: RHB Robert Koremans 0-0: Foul Ball, location: 2F
0-1: Hit by Pitch
Batting: LHB Robert Atkins 0-0: Ball
1-0: Ball
2-0: Ball
3-0: Base on Balls
Robert Koremans to second
Pitching: LHP Brock Saunders
Batting: LHB Jorge Martínez 0-0: Swinging Strike
0-1: Ball
1-1: Foul Ball, location: 2F
1-2: Ball
2-2: Ball
3-2: Foul Ball, location: 2F
3-2: Strikes out looking
Batting: LHB Iván Espinosa 0-0: Foul Ball, location: 2F
0-1: Swinging Strike
0-2: Ball
1-2: Foul Ball, location: 2F
1-2: Foul Ball, location: 2F
1-2: Strikes out swinging
Batting: LHB Randy Wiggins 0-0: Called Strike
0-1: Fly out, F7 (Flyball, 7S)
Top of the 8th over - 0 run(s), 0 hit(s), 0 error(s), 2 left on base; Surrey 2 - Chula Vista 6
BOTTOM OF THE 8TH
Chula Vista Tacos batting - Pitching for Surrey Sinners : RHP Juan Figueroa
Batting: RHB Javier González 0-0: Ball
1-0: Fly out, F8 (Line Drive, 89M)
Batting: LHB Joe Baker 0-0: Ball
1-0: Ball
2-0: Swinging Strike
2-1: Swinging Strike
2-2: Ball
3-2: Foul Ball, location: 2F
3-2: DOUBLE (Line Drive, 3D)
Batting: RHB Ray Rogers 0-0: Called Strike
0-1: Foul Ball, location: 2F
0-2: Ball
1-2: Strikes out looking
Batting: LHB Steven Smith 0-0: Ball
Joe Baker steals 3rd base
1-0: Ball
2-0: Swinging Strike
2-1: SINGLE (Flyball, 8RS)
Joe Baker scores
Batting: LHB Roderick Delgado 0-0: Called Strike
0-1: Fly out, F8 (Flyball, 89XD)
Bottom of the 8th over - 1 run(s), 2 hit(s), 0 error(s), 1 left on base; Surrey 2 - Chula Vista 7
TOP OF THE 9TH
Surrey Sinners batting - Pitching for Chula Vista Tacos : LHP Brock Saunders
Batting: LHB Juan Hinojosa 0-0: Ground out 6-3 (Groundball, 6D)
Batting: LHB Tony Smith 0-0: Ball
1-0: Fly out, F7 (Flyball, 7)
Batting: RHB Félix Castro 0-0: Called Strike
0-1: Ground out 5-3 (Groundball, 56S)
Top of the 9th over - 0 run(s), 0 hit(s), 0 error(s), 0 left on base; Surrey 2 - Chula Vista 7
Thursday, March 30th, 2017 - OOTP Baseball 17.12 Build 75